AoeStats
← HR Pinkman

Arabia

507906230Analyzed
1v1 RM · 11d ago on Sep 20, 2026· 19m 26s· 2 players
Game mode
Random Map
Map size
Tiny (2 player)
Population
200
Speed
Normal
Resources
Standard
Victory
Conquest
Starting age
Dark Age
Ending age
Imperial Age
RankedLock teamsTeams togetherTeam positionsShared explorationLock speedFull tech treeHidden civsTurbo modeCheats
Victory
Defeat
🇳🇱 Magyars · Netherlands
2574
+3
🇨🇱 Sicilians · Chile
2185
-3
HR Pinkman
6:17 Loom
8:41 Feudal Age
9:41 Double-Bit Axe
14:43 Horse Collar
CNZS_98T
7:03 Loom
9:11 Feudal Age
9:50 Double-Bit Axe
9:46 Horse Collar
18:51 Wheelbarrow
21:30 Castle Age
Connection lost

Rejoining the realm…

Still unreachable

The connection could not be restored.

Session expired

The server has moved on; the page needs a fresh start.